 Dungeon Crawl Stone Soup version 0.20-a0-522-g0b37eee (webtiles) character file.

627 Klosterheim the Reanimator (level 7, -7/36 HPs)
             Began as a Deep Elf Necromancer on Jan 25, 2017.
             Mangled by Duvessa
             ... wielding a +0 short sword
              (10 damage)
             ... on level 4 of the Dungeon.
             The game lasted 00:12:20 (4734 turns).

Klosterheim the Reanimator (Deep Elf Necromancer)   Turns: 4734, Time: 00:12:21

Health: -7/36      AC:  3    Str:  5    XL:     7   Next: 23%
Magic:  10/18      EV: 13    Int: 22    God:
Gold:   127        SH:  2    Dex: 15    Spells: 14/18 levels left

rFire    + . .     SeeInvis .   x - staff of fire
rCold    . . .     Gourm    .   a - +0 robe
rNeg     . . .     Faith    .   (no shield)
rPois    .         Spirit   .   (no helmet)
rElec    .         Reflect  +   t - +0 cloak
rCorr    +         Harm     .   (no gloves)
MR       .....                  (no boots)
Stlth    ++........             s - +2 amulet of reflection
Regen    0.2/turn               (no ring)
                                q - ring of resist corrosion

@: about to teleport
A: no striking features
a: no special abilities


You were on level 4 of the Dungeon.
You were near starving.

You visited 1 branch of the dungeon, and saw 5 of its levels.

You collected 127 gold pieces.

Inventory:

Hand Weapons
 u - a +4 quarterstaff of chaos
Armour
 a - a +0 robe (worn)
 t - a +0 cloak (worn)
Magical Staves
 x - an uncursed staff of fire (weapon)
Jewellery
 q - a ring of resist corrosion (left hand)
 s - a +2 amulet of reflection (around neck)
Wands
 r - a wand of confusion (11/48)
Scrolls
 e - 2 scrolls of remove curse {unknown}
 f - a scroll of enchant armour {unknown}
 j - a scroll of magic mapping {unknown}
 l - a scroll of enchant weapon {unknown}
 o - a scroll of immolation {unknown}
Potions
 g - a potion of curing
 k - a potion of agility
 m - a potion of invisibility
 w - a potion of lignification {unknown}
Books
 b - a book of Necromancy

   Spells                             Type                      Level
   a - Pain                           Necromancy                   1
   b - Animate Skeleton               Necromancy                   1
   c - Vampiric Draining              Necromancy                   3
   d - Regeneration                   Charms/Necromancy            3
   e - Animate Dead                   Necromancy                   4
   f - Control Undead                 Necromancy                   4
Comestibles
 c - 3 bread rations
 d - 2 meat rations
 h - 2 royal jellies
 v - 3 fruits


   Skills:
 - Level 2.4 Dodging
 - Level 2.4 Stealth
 + Level 6.4 Spellcasting
 * Level 9.2 Necromancy


You had 14 spell levels left.
You knew the following spells:

 Your Spells              Type           Power        Failure   Level  Hunger
a - Pain                  Necr           ####         1%          1    None
b - Vampiric Draining     Necr           #####.....   1%          3    #......


Dungeon Overview and Level Annotations

Branches:
Dungeon (5/15)
 Temple: D:4-7

Altars:
Ashenzari
Cheibriados
Qazlal
Ru
Zin

Annotations:
D:3 Grinder
D:4 Duvessa


Message History

Casting: Pain
Confirm with . or Enter, or press ? or * to list all spells.
Aiming: Pain
Press: ? - help, Shift-Dir - straight line, f/p - Dowan
Aim: Dowan, wielding a dagger and wearing a robe (severely wounded, chance to defeat MR: 84%) Dowan writhes in agony!
Dowan hits you but does no damage.
Casting: Pain
Confirm with . or Enter, or press ? or * to list all spells.
Aiming: Vampiric Draining
Press: ? - help, Shift-Dir - straight line, f/p - Dowan
Aim: Dowan, wielding a dagger and wearing a robe (almost dead)
You kill Dowan!
Duvessa screams, "No!
How DARE you!"
Duvessa goes berserk!
Okay, then.
As you read the scroll of teleportation, it crumbles to dust.
You feel strangely unstable. Duvessa hits you with a short sword!
* * * LOW HITPOINT WARNING * * *
Duvessa hits you with a short sword!
You die...

# ##. ######### #..#
#.......# #.#.
#.#####.#####...
######.##.......##...
#..e@...#.##.##.##..#
#.####..#.##.#.......
#. ###.......#.####..
#. #..)...##.........
#. #.##.####.#.###...
#e##.##.# #.#.###.#.
........####.#.......
.#######.....#..##.##
#.....#..##.##


You could see Duvessa (berserk).

Vanquished Creatures
  Edmund (D:4)
  An ogre (D:4)
  Blork the orc (D:4)
  Dowan (D:4)
  A scorpion (D:4)
  Crazy Yiuf (D:3)
  An iguana (D:4)
  6 adders
  7 gnolls
  2 worms (D:2)
  3 dart slugs
  3 orcs
  4 giant cockroaches (D:1)
  9 goblins
  8 hobgoblins
  4 jackals
  2 quokkas (D:2)
  3 bats (D:3)
  3 frilled lizards
  7 kobolds
  9 rats
77 creatures vanquished.

Vanquished Creatures (others)
  A ball python (D:1)
  A rat (D:1)
2 creatures vanquished.

Grand Total: 79 creatures vanquished

Notes
Turn   | Place    | Note
-------+----------+-------------------------------------------
     0 | D:1      | Klosterheim the Deep Elf Necromancer began the quest for the Orb.
     0 | D:1      | Reached XP level 1. HP: 10/10 MP: 6/6
    15 | D:1      | Reached skill level 5 in Necromancy
   306 | D:1      | Reached XP level 2. HP: 10/15 MP: 4/8
  1082 | D:2      | Reached XP level 3. HP: 11/19 MP: 2/10
  1509 | D:2      | Reached skill level 6 in Necromancy
  1969 | D:2      | Learned a level 3 spell: Vampiric Draining
  2041 | D:2      | Found a snail-covered altar of Cheibriados.
  2143 | D:2      | Found a glowing silver altar of Zin.
  2328 | D:3      | Reached XP level 4. HP: 21/24 MP: 8/12
  2332 | D:3      | Noticed Grinder
  2605 | D:3      | Paralysed by Grinder for 4 turns
  2613 | D:3      | Paralysed by Grinder for 5 turns
  2891 | D:3      | Found a faded altar of an unknown god.
  2918 | D:3      | Found a shattered altar of Ashenzari.
  2918 | D:3      | Found a sacrificial altar of Ru.
  3018 | D:3      | Found a stormy altar of Qazlal.
  3117 | D:3      | Found a runed door.
  3121 | D:3      | Noticed Crazy Yiuf
  3127 | D:3      | Killed Crazy Yiuf
  3127 | D:3      | Reached skill level 7 in Necromancy
  3127 | D:3      | Reached XP level 5. HP: 25/28 MP: 9/14
  3264 | D:4      | Reached skill level 5 in Spellcasting
  3523 | D:5      | Entered Level 5 of the Dungeon
  3604 | D:4      | Reached XP level 6. HP: 19/32 MP: 5/15
  3975 | D:4      | Reached skill level 8 in Necromancy
  4000 | D:4      | Noticed Edmund
  4176 | D:4      | Killed Edmund
  4661 | D:4      | Noticed Blork the orc
  4667 | D:4      | Killed Blork the orc
  4667 | D:4      | Reached skill level 9 in Necromancy
  4667 | D:4      | Reached XP level 7. HP: 28/36 MP: 11/18
  4721 | D:4      | Noticed Dowan
  4731 | D:4      | Noticed Duvessa
  4733 | D:4      | Killed Dowan
  4734 | D:4      | Mangled by Duvessa

Vault maps used:
D:1:      dpeg_arrival_more_subterranean_lakeside_camping, serial_bayou_pond_c,
          lemuel_old_faithful
D:2:      lemuel_round_altar, nicolae_overflow_hidden_temple, minivault_11
D:3:      lemuel_round_altar, chequers_temple_overflow_statue_of_worship,
          chequers_ecumenical_altar_simple, minivault_27, grunt_ministairs_4,
          corexii_item_surrounded_by_moat, st_stairs_7, elyvilon_altar_5,
          uniq_crazy_yiuf_cottage, uniq_grinder
D:4:      lemuel_coloured_pillars_altar, first_bread, kennysheep_generic_room_7,
          uniq_blork_the_orc, uniq_edmund, uniq_robin, uniq_duvessa
D:5:      uniq_menkaure

Skill      XL: |  1  2  3  4  5  6 |
---------------+-------------------+-----
Necromancy     | 5 6 7 9 |  9.2
Spellcasting   | 4 5 6 |  6.4
Dodging        | |  2.4
Stealth        | |  2.4

Action                   |  1- 3 |  4- 6 |  7- 9 || total
-------------------------+-------+-------+-------++-------
Melee: Unarmed           |     2 |     2 |       ||     4
       Staff             |       |    28 |       ||    28
 Cast: Pain              |    82 |    90 |     7 ||   179
       Vampiric Draining |       |     9 |     1 ||    10
  Use: Scroll            |       |     4 |     1 ||     5
       Potion            |       |     1 |       ||     1
  Eat: Chunk             |     4 |     6 |       ||    10
Armor: Robe              |       |     4 |       ||     4
       Plate armour      |       |    44 |       ||    44
Dodge: Dodged            |     7 |    11 |       ||    18
Block: Other             |       |     1 |       ||     1
